 Dungeon Crawl Stone Soup version 0.21-a0-110-g8e1637b (webtiles) character file.

452 sagitran the Sneak (level 7, -1/33 HPs)
             Began as a Vine Stalker Enchanter on July 8, 2017.
             Was a Believer of Wu Jian.
             Shot with an arrow by a centaur (4 damage)
             ... on level 5 of the Dungeon.
             The game lasted 00:24:28 (3647 turns).

sagitran the Sneak (Vine Stalker Enchanter)         Turns: 3647, Time: 00:24:29

Health: -1/33      AC:  6    Str: 12    XL:     7   Next: 5%
Magic:  0/12       EV: 12    Int: 15    God:    Wu Jian [**....]
Gold:   166        SH:  0    Dex: 15    Spells: 6/12 levels left

rFire    . . .     SeeInvis .   r - +2 dagger (pain)
rCold    + + .     Gourm    .   (no shield)
rNeg     . . .     Faith    .   j - +3 leather armour {rC+}
rPois    .         Spirit   +   (no helmet)
rElec    .         Reflect  .   (no cloak)
rCorr    .         Harm     .   (no gloves)
MR       .....                  (no boots)
Stlth    ++........             w - amulet of regeneration
HPRegen  0.91/turn              a - ring of protection from cold (curse)
MPRegen  0.13/turn              (no ring)

@: silence
A: fangs 2, regeneration 1, magic shield, antimagic bite, no potion heal 3, rot
immunity
a: Renounce Religion


You were on level 5 of the Dungeon.
You worshipped Wu Jian.
Wu Jian was pleased with you.
You were hungry.

You visited 1 branch of the dungeon, and saw 5 of its levels.

You collected 166 gold pieces.

Inventory:

Hand Weapons
 q - a +0 hunting sling
 r - a +2 dagger of pain (weapon)
Missiles
 g - a throwing net
 o - 103 stones (quivered)
Armour
 b - a +0 robe
 j - a +3 leather armour of cold resistance (worn)
Jewellery
 a - a cursed ring of protection from cold (left hand)
 w - an amulet of regeneration (around neck)
Scrolls
 i - 7 scrolls of identify
 l - a scroll of remove curse
 v - 2 scrolls of enchant armour {unknown}
Potions
 e - a potion of flight {unknown}
 k - a potion of haste
 m - 3 potions of curing {unknown}
 p - 3 potions of lignification {unknown}
 s - 2 potions of degeneration {unknown}
Books
 c - a book of Maledictions

   Spells                             Type                      Level
   a - Corona                         Hexes                        1
   b - Ensorcelled Hibernation        Hexes/Ice                    2
   c - Confuse                        Hexes                        3
   d - Tukima's Dance                 Hexes                        3
   e - Dazzling Spray                 Conjuration/Hexes            3
Comestibles
 d - 2 bread rations
 f - 2 meat rations
 h - 2 royal jellies
 n - a fruit


   Skills:
 + Level 1.1 Fighting
 + Level 3.2 Short Blades
 + Level 1.1 Armour
 + Level 2.6 Dodging
 + Level 5.3 Stealth
 + Level 3.1 Spellcasting
 + Level 0.2 Conjurations
 + Level 3.7 Hexes
 + Level 1.5 Ice Magic


You had 6 spell levels left.
You knew the following spells:

 Your Spells              Type           Power        Failure   Level  Hunger
a - Corona                Hex            ##.....      5%          1    #......
b - Ensorcelled Hibernat  Hex/Ice        ##....       13%         2    ##.....
c - Dazzling Spray        Conj/Hex       #.....       32%         3    ###....


Dungeon Overview and Level Annotations

Branches:
Dungeon (5/15)             Temple (0/1) D:5

Altars:
Ashenzari
Ru
Wu Jian

Shops:
D:4 (


Innate Abilities, Weirdness & Mutations

You have extremely sharp teeth.
Your natural rate of healing is unusually fast.
When hurt, damage is shared between your health and your magic reserves.
Your bite disrupts and absorbs the magic of your enemies.
Potions cannot restore your health.
You are immune to rotting.


Message History

* * * LOW HITPOINT WARNING * * *
The centaur wields a shortbow.
The centaur shoots an arrow.
The arrow misses you.
The centaur shoots an arrow.
The arrow completely misses you.
The orc priest calls down the wrath of Beogh upon you.
You resist with significant effort.
The centaur shoots an arrow.
The arrow hits you.
* * * LOW HITPOINT WARNING * * *
You see here 2 arrows.
As you read the scroll labeled MEACHA VEAKLIQ, it crumbles to dust.
A profound silence engulfs you.
It was a scroll of silence.
The centaur shoots an arrow.
The arrow completely misses you.
The orc wizard casts a cantrip, but nothing happens.
The orc priest calls down the wrath of Beogh upon you.
Beogh smites you!
* * * LOW HITPOINT WARNING * * *
The orc priest looks braver for a moment.
The centaur shoots an arrow.
The arrow closely misses you.
The centaur shoots an arrow.
The arrow hits you.
You die...

#..# # #..# .## #...
##.# #.## ..# #.##
#.. ## #... #.## #.#
#### #..###.#
#.#@#.#
#.#./############
#(#.............####
#oc...######.##.o[..
#o♣o♣.... #.###..##
#..>...## #.# #..#
#.♣.♣..# #.# #.#.♣
#....%.# #o# #..#.
#...##.... #.# ##. #


You could see a centaur and an orc priest.

Vanquished Creatures
  An ogre (D:3)
  2 scorpions (D:4)
  A hound (D:4)
  2 orc wizards
  A bullfrog skeleton (D:4)
  A worker ant (D:4)
  2 adders
  A gnoll (D:4)
  An ooze (D:1)
  An adder skeleton (D:4)
  2 adder zombies (D:5)
  3 worms
  3 dart slugs
  A leopard gecko (D:1)
  6 orcs
  7 giant cockroaches
  4 goblins
  10 hobgoblins
  3 jackals (D:4)
  A ball python (D:1)
  6 bats
  4 frilled lizards
  6 kobolds
  11 rats
80 creatures vanquished.

Notes
Turn   | Place    | Note
-------+----------+-------------------------------------------
     0 | D:1      | sagitran the Vine Stalker Enchanter began the quest for the Orb.
     0 | D:1      | Reached XP level 1. HP: 9/9 MP: 4/4
   296 | D:1      | Reached XP level 2. HP: 13/13 MP: 6/6
   314 | D:1      | Learned a level 2 spell: Ensorcelled Hibernation
   368 | D:1      | Reached skill level 1 in Short Blades
   582 | D:1      | Reached XP level 3. HP: 16/16 MP: 7/7
   754 | D:2      | Reached skill level 4 in Stealth
   764 | D:2      | Found an ornate altar of the Wu Jian Council.
   773 | D:2      | Became a worshipper of the Wu Jian Council
  1516 | D:2      | Found a sacrificial altar of Ru.
  1705 | D:2      | Gained mutation: Your natural rate of healing is unusually fast. [Vine Stalker growth]
  1705 | D:2      | Reached XP level 4. HP: 17/21 MP: 5/8
  1853 | D:2      | Learned a level 3 spell: Dazzling Spray
  1964 | D:4      | Noticed a sky beast
  2417 | D:3      | Reached * piety under Wu Jian
  2476 | D:4      | Reached skill level 1 in Fighting
  2476 | D:4      | Reached XP level 5. HP: 25/25 MP: 8/10
  2757 | D:3      | Reached skill level 1 in Ice Magic
  3038 | D:5      | Entered Level 5 of the Dungeon
  3038 | D:5      | Noticed a centaur
  3069 | D:4      | Reached XP level 6. HP: 28/30 MP: 11/11
  3074 | D:4      | Found a shattered altar of Ashenzari.
  3138 | D:4      | Found Woariada's Weapon Emporium.
  3202 | D:4      | Reached skill level 5 in Stealth
  3376 | D:3      | Reached skill level 1 in Armour
  3532 | D:5      | Reached ** piety under Wu Jian
  3607 | D:5      | Reached XP level 7. HP: 32/33 MP: 7/12
  3633 | D:5      | Found a staircase to the Ecumenical Temple.
  3645 | D:5      | HP: 1/33 [orc priest/divine providence (8)]
  3647 | D:5      | Shot with an arrow by a centaur

Vault maps used:
D:1:      lightli_arrival_isolated_outpost
D:2:      lemuel_round_altar, nicolae_ru_awakened_eye
D:3:      hangedman_abyss_or_decor_stabs
D:4:      kennysheep_spiral_hall, serial_shops, shop_statue,
          nicolae_ashenzari_panopticon
D:5:      minmay_temple_entry_trees, portal_sewer_entry_b, first_bread,
          grunt_decor_one_mirror, uniq_prince_ribbit1

Skill      XL: |  1  2  3  4  5  6 |
---------------+-------------------+-----
Short Blades   | 1 2 3 |  3.2
Stealth        | 4 5 |  5.3
Dodging        | 2 |  2.6
Fighting       | 1 |  1.1
Ice Magic      | 1 |  1.5
Spellcasting   | 3 |  3.1
Armour         | 1 |  1.1
Conjurations   | |  0.2
Hexes          | |  3.7

Action                   |  1- 3 |  4- 6 |  7- 9 || total
-------------------------+-------+-------+-------++-------
Melee: Dagger            |   108 |   171 |    13 ||   292
       Bite              |    17 |    51 |     4 ||    72
 Cast: Ensorcelled Hiber |     9 |    11 |       ||    20
       Dazzling Spray    |       |     6 |       ||     6
  Use: Scroll            |       |     3 |     1 ||     4
       Potion            |       |     1 |       ||     1
 Stab: Sleeping          |     9 |    12 |       ||    21
       Distracted        |     1 |     1 |       ||     2
  Eat: Chunk             |     2 |     4 |       ||     6
       Bread ration      |     1 |       |       ||     1
Armor: Robe              |    17 |     5 |       ||    22
       Leather armour    |       |    24 |     4 ||    28
Dodge: Dodged            |    82 |    96 |    14 ||   192
